 Dungeon Crawl Stone Soup version 0.25.0-1-g7eea58d (webtiles) character file.

Game seed: 5690091499881062011

367 Dorkslayer the Ruffian (level 6, -9/59 HPs)
             Began as a Troll Fighter on June 30, 2020.
             Was an Initiate of Okawaru.
             Mangled by a two-headed ogre
             ... wielding a +0 giant club
              (20 damage)
             ... on level 4 of the Dungeon.
             The game lasted 00:10:06 (1983 turns).

Dorkslayer the Ruffian (Troll Fighter)              Turns: 1983, Time: 00:10:07

Health: -9/59      AC:  6    Str: 26    XL:     6   Next: 41%
Magic:  5/5        EV:  9    Int:  4    God:    Okawaru [......]
Gold:   280        SH:  9    Dex: 10    Spells: 5/5 levels left

rFire    . . .     SeeInvis .     - Unarmed
rCold    . . .     Gourm    +   b - +0 kite shield
rNeg     + . .     Faith    .   a - +0 robe
rPois    .         Spirit   .   (helmet restricted)
rElec    .         Reflect  .   (no cloak)
rCorr    .         Harm     .   (gloves unavailable)
MR       .....                  (boots unavailable)
Stlth    +.........             (no amulet)
HPRegen  0.59/turn              w - ring of positive energy
MPRegen  0.09/turn              (no ring)

@: no status effects
A: large, unfitting armour, claws 3, fast metabolism 3, gourmand, regeneration
1, shaggy fur 1, tough skin 3
a: Renounce Religion


You were on level 4 of the Dungeon.
You worshipped Okawaru.
Okawaru was noncommittal.
You were full.

You visited 1 branch of the dungeon, and saw 4 of its levels.

You collected 280 gold pieces.

Inventory:

Hand Weapons
 s - a +0 war axe
Missiles
 l - 4 boomerangs (quivered)
 n - 22 poisoned darts
Armour
 a - a +0 robe (worn)
 b - a +0 kite shield (worn)
Jewellery
 w - a ring of positive energy (left claw)
Wands
 q - a wand of polymorph (7)
Scrolls
 f - a scroll of fog {unknown}
 g - a scroll of magic mapping {unknown}
 i - 2 scrolls of blinking {unknown}
 j - a scroll of fear {unknown}
 p - 2 scrolls of teleportation {unknown}
 t - 3 scrolls of remove curse {unknown}
 x - a scroll of immolation {unknown}
 y - a scroll of enchant weapon {unknown}
Potions
 c - a potion of might
 e - a potion of cancellation
 h - 2 potions of curing
 k - a potion of haste
 m - a potion of flight
 r - a potion of berserk rage
 v - a potion of stabbing
Comestibles
 d - 7 rations
 o - 11 chunks of flesh


   Skills:
 + Level 2.8 Fighting
 + Level 0.1 Throwing
 + Level 3.1 Dodging
 + Level 3.5 Shields
 * Level 5.2 Unarmed Combat


You had 5 spell levels left.
You didn't know any spells.
Your spell library was empty.

Dungeon Overview and Level Annotations

Branches:
Dungeon (4/15)
 Temple: D:4-7

Altars:
Ashenzari
Dithmenos
Makhleb
Okawaru
Uskayaw


Innate Abilities, Weirdness & Mutations

You are too large for most types of armour.
You have claws for hands.
Your metabolism is lightning-fast.
You like to eat raw meat.
Your natural rate of healing is unusually fast.
You are covered in fur. (AC +1)
You have extremely tough skin. (AC +3)


Message History

There is an open door here.
You claw the leopard gecko!
You kill the leopard gecko!
Okawaru accepts your kill.
Throwing (i - inventory. (/) - cycle)
u - an atropa-tipped dart (quivered)
Press: ? - help, Shift-Dir - straight line, f - two-headed ogre
Aim: a two-headed ogre, wielding a +0 giant club and a +0 giant spiked club (chance to blind on hit: 3%)
You throw an atropa-tipped dart.
The atropa-tipped dart hits the two-headed ogre.
The two-headed ogre resists.
You scratch the two-headed ogre.
The two-headed ogre is lightly wounded.
The two-headed ogre hits you with a +0 giant club!!
You block the two-headed ogre's attack.
You scratch the two-headed ogre.
The two-headed ogre is lightly wounded.
The two-headed ogre hits you with a +0 giant club!!
* * * LOW HITPOINT WARNING * * *
The two-headed ogre hits you with a +0 giant spiked club!!
You die...

#..........+
.....
#..........#
.....
#..........#
#####
#..........#
#..........#
#..........#
#..$..(....#
#O# #@# #.#
#.# #.# #.#
#.# #.# #.#
#.#


You could see a two-headed ogre.

Vanquished Creatures
  Duvessa (D:4)
  A scorpion (D:4)
  A hound (D:2)
  An orc priest (D:3)
  An orc wizard (D:2)
  2 adders
  An ooze (D:3)
  4 worms
  2 dart slugs (D:1)
  3 leopard geckos
  8 orcs
  8 bats
  2 giant cockroaches
  12 goblins
  9 hobgoblins
  8 jackals
  7 kobolds
  2 quokkas (D:4)
  A ball python (D:4)
  5 frilled lizards
  6 rats
85 creatures vanquished.

Notes
Turn   | Place    | Note
-------+----------+-------------------------------------------
     0 | D:1      | Dorkslayer the Troll Fighter began the quest for the Orb.
     0 | D:1      | Reached XP level 1. HP: 22/22 MP: 0/0
    89 | D:1      | Reached XP level 2. HP: 29/29 MP: 1/1
   452 | D:1      | Reached XP level 3. HP: 36/36 MP: 2/2
   564 | D:2      | Found a shattered altar of Ashenzari.
   664 | D:2      | Found a burning altar of Makhleb.
   693 | D:2      | Reached skill level 3 in Unarmed Combat
   693 | D:2      | Reached XP level 4. HP: 43/44 MP: 3/3
  1096 | D:2      | Reached skill level 4 in Unarmed Combat
  1161 | D:3      | Reached XP level 5. HP: 50/50 MP: 4/4
  1218 | D:3      | Found a faded altar of an unknown god.
  1700 | D:3      | Found a hide-covered altar of Uskayaw.
  1701 | D:3      | Found an iron altar of Okawaru.
  1708 | D:3      | Became a worshipper of Warmaster Okawaru
  1845 | D:4      | Noticed Duvessa
  1859 | D:4      | Killed Duvessa
  1859 | D:4      | Reached skill level 5 in Unarmed Combat
  1859 | D:4      | Reached XP level 6. HP: 59/59 MP: 5/5
  1920 | D:4      | Found a shadowy altar of Dithmenos.
  1977 | D:4      | Noticed a two-headed ogre
  1983 | D:4      | Mangled by a two-headed ogre

Illustrated notes

Levels and vault maps discovered:
D:1:      minmay_arrival_wavy_path, layout_rooms, minmay_heptomino_h4
D:2:      layout_rooms, nicolae_ashenzari_panopticon,
          chequers_serial_rivers_micro_c, makhleb_blood_cavern_becter
D:3:      layout_rooms, gammafunk_temple_overflow_pools,
          chequers_ecumenical_altar_island
D:4:      layout_basic, first_ration, nicolae_dithmenos_the_darkroom,
          uniq_duvessa

Skill      XL: |  1  2  3  4  5 |
---------------+----------------+-----
Unarmed Combat | 3 4 5 |  5.2
Shields        | 3 |  3.5
Dodging        | 3 |  3.1
Fighting       | |  2.8
Throwing       | |  0.1

Action                   |  1- 3 |  4- 6 || total
-------------------------+-------+-------++-------
Melee: Unarmed           |    96 |   152 ||   248
Throw: Dart              |     3 |     3 ||     6
  Use: Scroll            |       |     8 ||     8
  Eat: Chunk             |    12 |     9 ||    21
Armor: Robe              |    30 |    47 ||    77
Dodge: Dodged            |    22 |    50 ||    72
Block: Kite shield       |    37 |    74 ||   111
